 Dungeon Crawl Stone Soup version 0.28.0 (webtiles) character file.

Game seed: 18016374175618075094

435 lonewolfV2 the Chopper (level 7, -1/90 HPs)
             Began as a Hill Orc Fighter on Feb 10, 2022.
             Slain by a gnoll (2 damage)
             ... on level 4 of the Dungeon.
             The game lasted 00:08:14 (4059 turns).

lonewolfV2 the Chopper (Hill Orc Fighter)           Turns: 4059, Time: 00:08:15

Health: -1/90      AC: 23    Str: 21    XL:     7   Next: 0%
Magic:  7/7        EV:  2    Int:  8    God:
Gold:   144        SH:  0    Dex: 10    Spells: 6/6 levels left

rFire   . . .      SeeInvis .   i - +3 scythe (vamp)
rCold   . . .      Faith    .   (shield currently unavailable)
rNeg    . . .      Spirit   .   (armour currently unavailable)
rPois   +          Reflect  .   (helmet currently unavailable)
rElec   .          Harm     .   (cloak currently unavailable)
rCorr   .          Rampage  .   (gloves currently unavailable)
Will    .....      NoTele   +   (boots currently unavailable)
Stlth   +.........              (no amulet)
HPRegen 0.25/turn               (no ring)
MPRegen 0.10/turn               (no ring)

@: tree-form
A: stationary, stasis, torment immunity, boosted hp
a: no special abilities


You were on level 4 of the Dungeon.
You were a tree.
You visited 1 branch of the dungeon, and saw 4 of its levels.

You collected 144 gold pieces.

Inventory:

Hand Weapons
 a - a +1 war axe
 i - a +3 vampiric scythe (weapon)
Armour
 b - a +0 scale mail (melded)
 c - a +0 buckler
 d - a +1 helmet (melded)
 h - a +1 pair of gloves (melded)
Scrolls
 f - 2 scrolls of identify
Potions
 g - a potion of cancellation


   Skills:
 + Level 4.7 Fighting
 + Level 6.6 Axes
 + Level 4.9 Armour
 + Level 1.1 Dodging
 + Level 0.8 Stealth
 + Level 4.0 Shields


You had 6 spell levels left.
You didn't know any spells.
Your spell library contained the following spells:

 Spells                   Type           Power      Damage    Failure   Level
 Foxfire                  Conj/Fire      0%         2x1d4     41%         1
 Conjure Flame            Conj/Fire      0%         6-21      78%         3
 Inner Flame              Hex/Fire       0%         N/A       78%         3
 Flame Wave               Conj/Fire      0%         2d4       99%         4


Dungeon Overview and Level Annotations

Branches:
Dungeon (4/15)
 Temple: D:4-7

Altars:

Shops:
D:1 *


Message History

You completely miss the goblin. The gnoll hits you but does no damage.
The goblin hits you but does no damage.
The gnoll hits you from afar with a +0 halberd.
* * * LOW HITPOINT WARNING * * *
The goblin hits you but does no damage.
You closely miss the goblin.
The gnoll hits you from afar with a +0 halberd!
* * * LOW HITPOINT WARNING * * *
The goblin hits you with a +0 club.
* * * LOW HITPOINT WARNING * * *
The gnoll hits you but does no damage. The goblin closely misses you.
You slash the goblin!
You feel better.
You kill the goblin!
The gnoll misses you. The gnoll hits you but does no damage.
The gnoll closely misses you.
It was a potion of lignification.
You turn into a tree.
Your +1 helmet melds into your body.
Your +1 pair of gloves melds into your body.
Your +0 scale mail melds into your body.
Your roots penetrate the ground.
The gnoll hits you but does no damage. x2
You closely miss the gnoll.
The gnoll is severely wounded.
The gnoll barely misses you.
The gnoll hits you from afar with a +0 halberd.
* * * LOW HITPOINT WARNING * * *
The gnoll barely misses you. x2
You closely miss the gnoll.
The gnoll is severely wounded.
The gnoll hits you but does no damage.
The gnoll hits you from afar with a +0 halberd.
* * * LOW HITPOINT WARNING * * *
The gnoll hits you with a +0 flail.
* * * LOW HITPOINT WARNING * * *
Unknown command.
Unknown command.
Okay, then.
You closely miss the gnoll.
The gnoll is severely wounded.
The gnoll hits you from afar with a +0 halberd.
You die...

#...# #...# #
#...#####.#
#####..........
..............#
.......g......<
..............#
#####...#####.#
##..# #..gg♣)...# .
..# #...####### #
... #...# # #.#
#####...### # #.#
#.........#
###.####.##.#....#
#........##.##...##
.........##...###.##
#............## ##.#


You could see 2 gnolls.

Vanquished Creatures
  Sigmund (D:4)
  An orc priest (D:3)
  Natasha (thrice) (D:2)
  An orc wizard (D:3)
  2 gnolls (D:4)
  5 adders
  3 worms
  2 orcs (D:3)
  5 ball pythons
  9 endoplasms
  5 giant cockroaches
  6 goblins
  7 hobgoblins
  4 jackals (D:1)
  5 quokkas
  6 bats
  3 frilled lizards
  5 kobolds
  5 rats
78 creatures vanquished.

Notes
Turn   | Place    | Note
-------+----------+-------------------------------------------
     0 | D:1      | lonewolfV2 the Hill Orc Fighter began the quest for the
                  | Orb.
     0 | D:1      | Reached XP level 1. HP: 19/19 MP: 1/1
   223 | D:1      | Reached XP level 2. HP: 24/27 MP: 2/2
   271 | D:1      | Reached skill level 3 in Axes
   374 | D:1      | Found Qixes's Assorted Antiques.
   701 | D:1      | Reached XP level 3. HP: 22/33 MP: 3/3
  1110 | D:2      | Noticed Natasha
  1114 | D:2      | Killed Natasha
  1115 | D:2      | Reached skill level 4 in Axes
  1194 | D:2      | Reached XP level 4. HP: 40/40 MP: 4/4
  1237 | D:2      | Noticed Natasha
  1259 | D:2      | Killed Natasha
  1603 | D:2      | Noticed Natasha
  1609 | D:2      | Killed Natasha
  1616 | D:2      | Reached XP level 5. HP: 45/46 MP: 5/5
  1824 | D:2      | Reached skill level 5 in Axes
  1873 | D:2      | Found a faded altar of an unknown god.
  3110 | D:3      | Reached skill level 1 in Dodging
  3110 | D:3      | Reached XP level 6. HP: 39/53 MP: 6/6
  3606 | D:4      | Noticed Sigmund
  3618 | D:4      | Killed Sigmund
  3619 | D:4      | Reached skill level 6 in Axes
  4053 | D:4      | Reached XP level 7. HP: 17/60 MP: 7/7
  4058 | D:4      | HP: 4/90 [gnoll (6)]
  4058 | D:4      | HP: 1/90 [gnoll (3)]
  4059 | D:4      | Slain by a gnoll

Illustrated notes

Levels and vault maps discovered:
D:1:      nicolae_arrival_memento_mori, layout_basic, serial_shops,
          nicolae_shop_temple_entry_statues_fountains
D:2:      layout_basic, basic_ecumenical_altar, chequers_mini_garden,
          uniq_natasha
D:3:      layout_loops_ring
D:4:      layout_loops_cross, uniq_sigmund

Skill      XL: |  1  2  3  4  5  6 |
---------------+-------------------+-----
Fighting       | 4 |  4.7
Axes           | 3 4 5 6 |  6.6
Armour         | 4 |  4.9
Dodging        | 1 |  1.1
Shields        | 4 |  4.0
Stealth        | |  0.8

Action                   |  1- 3 |  4- 6 |  7- 9 || total
-------------------------+-------+-------+-------++-------
Melee: War axe           |    74 |   153 |       ||   227
       Scythe            |       |    11 |     6 ||    17
  Use: Scroll            |       |     7 |       ||     7
       Potion            |       |     3 |     1 ||     4
Armor: Scale mail        |    49 |    75 |     5 ||   129
       Skin              |       |       |     3 ||     3
Dodge: Dodged            |    42 |   102 |     6 ||   150
Block: Buckler           |    13 |    34 |       ||    47
